 Dungeon Crawl Stone Soup version 0.21-a0-361-g4efd3f9 (webtiles) character file.

6677 FrankyJ the Peltast (level 10, -1/83 HPs)
             Began as a Minotaur Fighter on Oct 13, 2017.
             Was an Elder of Yredelemnul.
             Slain by a two-headed ogre
             ... wielding a +0 giant club
              (14 damage)
             ... on level 9 of the Dungeon.
             The game lasted 00:24:54 (8380 turns).

FrankyJ the Peltast (Minotaur Fighter)              Turns: 8380, Time: 00:24:55

Health: -1/83      AC: 13    Str: 21    XL:     10   Next: 73%
Magic:  9/9        EV:  7    Int:  7    God:    Yredelemnul [****..]
Gold:   378        SH: 14    Dex: 11    Spells: 9/9 levels left

rFire    . . .     SeeInvis +   a - +1 trident
rCold    . . .     Gourm    .   c - +0 shield
rNeg     . . .     Faith    .   t - +0 chain mail
rPois    +         Spirit   .   (helmet restricted)
rElec    .         Reflect  .   z - +1 cloak
rCorr    .         Harm     .   D - +0 pair of gloves
MR       .....                  (no boots)
Stlth    ..........             (no amulet)
HPRegen  0.23/turn              g - ring of poison resistance
MPRegen  0.11/turn              j - ring of see invisible

@: no status effects
A: retaliatory headbutt, horns 2
a: Recall Undead Slaves, Injury Mirror, Animate Dead, Drain Life, Renounce
Religion


You were on level 9 of the Dungeon.
You worshipped Yredelemnul.
Yredelemnul was greatly pleased with you.
You were hungry.

You visited 1 branch of the dungeon, and saw 11 of its levels.

You collected 438 gold pieces.
You spent 60 gold pieces at shops.

Inventory:

Hand Weapons
 a - a +1 trident (weapon)
Missiles
 h - 21 tomahawks (quivered)
 v - 64 poisoned needles
 O - 5 javelins
Armour
 c - a +0 shield (worn)
 t - a +0 chain mail (worn)
 z - a +1 cloak (worn)
 B - a +0 ring mail of fire resistance
 D - a +0 pair of gloves (worn)
Jewellery
 g - a ring of poison resistance (left hand)
 j - a ring of see invisible (right hand)
 w - an uncursed ring of ice
 F - the ring "Umaxups" {*Drain rN+ MR+ Dex+4}
   (You found it on level 7 of the Dungeon)

   [ring of protection from magic]

   It affects your dexterity (+4).
   It protects you from negative energy.
   It affects your resistance to hostile enchantments.
   It causes draining when unequipped.
Wands
 b - a wand of acid (11/15)
 p - a wand of digging (10/24)
 x - a wand of paralysis (18/24)
 y - a wand of acid (3/15)
 C - a wand of digging (1/24)
 H - a wand of clouds (3/9)
 J - a wand of clouds (5/9)
 Q - a wand of digging (9/24)
Scrolls
 e - 6 scrolls of identify
 l - 4 scrolls of teleportation
 o - 5 scrolls of enchant weapon
 r - 3 scrolls of remove curse
 M - 2 scrolls of noise {unknown}
 P - a scroll of recharging
 R - a scroll of fog {unknown}
 S - a scroll of amnesia {unknown}
Potions
 d - 3 potions of might
 k - 2 potions of berserk rage
 m - 2 potions of haste
 q - 2 potions of curing
 s - a potion of agility
 A - 2 potions of invisibility
 E - a potion of magic
 G - 2 potions of degeneration {unknown}
 I - a potion of brilliance {unknown}
 K - a potion of flight {unknown}
 N - 2 potions of resistance {unknown}
Comestibles
 f - 6 bread rations
 i - 11 fruits
 u - a meat ration
 L - 3 royal jellies


   Skills:
 - Level 6.0 Fighting
 - Level 9.0 Polearms
 - Level 6.0 Armour
 + Level 15.7 Shields


You had 9 spell levels left.
You didn't know any spells.

Dungeon Overview and Level Annotations

Branches:
Dungeon (11/15)            Temple (0/1) D:6            Lair (0/6) D:8
    Orc (0/2) D:10

Altars:
Ashenzari
Cheibriados
Elyvilon
Fedhas
Gozag
Nemelex Xobeh
Qazlal
Xom
Yredelemnul
The Shining One

Shops:
D:4 *

Annotations:
D:3 exclusion: oklob plant


Innate Abilities, Weirdness & Mutations

You reflexively headbutt those who attack you in melee.
You have a pair of horns on your head.


Message History

The two-headed ogre is engulfed in poison gas.
The two-headed ogre is poisoned.
The two-headed ogre hits you with a giant club!
* * * LOW HITPOINT WARNING * * *
You block the two-headed ogre's attack.
The two-headed ogre is engulfed in poison gas.
The two-headed ogre looks even sicker.
Evoke which item? (* to show all) (? for menu, Esc to quit)
Aiming: Corrosive Bolt
Press: ? - help, Shift-Dir - straight line, f/p - two-headed ogre
Aim: a two-headed ogre, wielding two giant clubs (heavily wounded, poisoned)
The bolt of acid hits the two-headed ogre.
The two-headed ogre is splashed with acid.
The two-headed ogre is almost dead.
This wand has 11 charges left.
The two-headed ogre hits you with a giant club!
* * * LOW HITPOINT WARNING * * *
The two-headed ogre hits you with a giant club!
You die...
Your body rises from the dead as a mindless zombie.

###############.# #.#.....
....#####.#####.# #.#.....
######..#.#..##.##########.#.....
....##....#..##............####..
###.#####)#.###.............'_#..
..........(...#..#########.####..
#.#รท###.#.#####..# #.#.....
..#.##..#....##.O# #>#.....
#.#.##..#.#..##.@# #.#.....
....#####.#####..# #.#...## #####
#)## #.(# #.###### .## ###..##
#..# #....... #.## ##.##..###..#
#..#.... ##.###...##..##..# #....
##.#..#....###..# #..O.
###.##.#.##.#..# ####''#
###.)..#..#..# #_.....


You could see a two-headed ogre.

Vanquished Creatures
  A two-headed ogre (D:9)
  An unseen horror (D:9)
  4 hippogriffs
  A yak (D:8)
  A wraith (D:11)
  2 basilisks (D:8)
  Duvessa (D:4)
  An ice beast (D:10)
  4 black bears
  A necrophage (D:6)
  5 ogres
  An eye of draining (D:9)
  A phantom (D:6)
  2 centaurs
  A big kobold (D:8)
  Blork the orc (D:5)
  4 bullfrogs
  Dowan (D:4)
  3 scorpions
  3 howler monkeys
  2 crimson imps
  A centaur zombie (D:6)
  2 quasits
  A bullfrog zombie (D:8)
  2 orc priests
  2 centaur skeletons
  2 jellies
  4 bullfrog skeletons
  5 hounds
  A gnoll shaman (D:7)
  Ijyb (D:4)
  6 iguanas
  4 orc wizards
  5 worker ants
  A hound skeleton (D:8)
  A worker ant zombie (D:7)
  11 gnolls
  4 adders
  A shadow imp (D:5)
  An ooze (D:2)
  2 adder zombies
  3 worms
  2 adder skeletons (D:9)
  2 dart slugs
  8 leopard geckos
  20 orcs
  8 bats
  3 giant cockroaches
  4 goblins
  4 hobgoblins
  11 jackals
  11 kobolds
  5 quokkas
  6 frilled lizards
  A giant cockroach zombie (D:6)
  A jackal zombie (D:8)
  11 rats
198 creatures vanquished.

Vanquished Creatures (collateral kills)
  Psyche (D:8)
  A hippogriff (D:9)
  A shadow (D:9)
  A steam dragon (D:9)
  A phantom (D:8)
  2 ogres (D:9)
  A centaur (D:8)
  2 bullfrogs (D:8)
  2 scorpions (D:9)
  A crimson imp (D:9)
  An iguana (D:9)
  A bullfrog skeleton (D:9)
  5 orcs (D:8)
  A jackal (D:9)
21 creatures vanquished.

Vanquished Creatures (others)
  4 flying skulls
  A plant (D:8)
  17 toadstools (D:3)
22 creatures vanquished.

Grand Total: 241 creatures vanquished

Notes
Turn   | Place    | Note
-------+----------+-------------------------------------------
     0 | D:1      | FrankyJ the Minotaur Fighter began the quest for the Orb.
     0 | D:1      | Reached XP level 1. HP: 19/19 MP: 0/0
   109 | D:1      | Reached XP level 2. HP: 25/27 MP: 1/1
   441 | D:1      | Reached skill level 4 in Shields
   742 | D:2      | Reached XP level 3. HP: 33/33 MP: 2/2
   772 | D:2      | Found a sparkling altar of Nemelex Xobeh.
   783 | D:2      | Found a basalt altar of Yredelemnul.
   808 | D:2      | Became a worshipper of Yredelemnul the Dark
  1331 | D:3      | Reached XP level 4. HP: 41/41 MP: 3/3
  1717 | D:3      | Found a blossoming altar of Fedhas.
  1740 | D:3      | Noticed an oklob plant
  1886 | D:4      | Noticed Ijyb
  1903 | D:4      | Killed Ijyb
  2191 | D:4      | Found Kex Kog's General Store.
  2198 | D:4      | Reached XP level 5. HP: 47/47 MP: 4/4
  2201 | D:4      | Bought a potion of berserk rage for 60 gold pieces
  2341 | D:4      | Noticed Dowan
  2343 | D:4      | Noticed Duvessa
  2359 | D:4      | Killed Duvessa
  2359 | D:4      | Reached skill level 5 in Fighting
  2359 | D:4      | Reached skill level 5 in Armour
  2359 | D:4      | Reached skill level 5 in Shields
  2361 | D:4      | Reached XP level 6. HP: 24/56 MP: 5/5
  2364 | D:4      | Killed Dowan
  2368 | D:4      | Reached * piety under Yredelemnul
  2732 | D:5      | Entered Level 5 of the Dungeon
  3035 | D:5      | Reached XP level 7. HP: 62/62 MP: 6/6
  3038 | D:5      | Reached skill level 5 in Polearms
  3256 | D:5      | Reached skill level 6 in Shields
  3296 | D:5      | Noticed Blork the orc
  3303 | D:5      | Killed Blork the orc
  3460 | D:6      | Found a white marble altar of Elyvilon.
  3513 | D:6      | Found a staircase to the Ecumenical Temple.
  3626 | D:6      | Reached XP level 8. HP: 65/70 MP: 7/7
  3917 | D:6      | Reached ** piety under Yredelemnul
  4500 | D:7      | Got a brightly glowing tin ring
  4514 | D:7      | Reached skill level 7 in Shields
  4657 | D:7      | Reached skill level 8 in Shields
  5236 | D:8      | Reached skill level 9 in Shields
  5304 | D:8      | Noticed a hippogriff
  5314 | D:8      | Reached XP level 9. HP: 75/75 MP: 8/8
  5333 | D:8      | Reached *** piety under Yredelemnul
  5333 | D:8      | Reached skill level 10 in Shields
  5356 | D:8      | Found a staircase to the Lair.
  5413 | D:8      | Reached skill level 11 in Shields
  5642 | D:8      | Reached skill level 12 in Shields
  5642 | D:8      | Received a gift from Yredelemnul (4 flying skulls)
  5680 | D:8      | Identified the ring "Umaxups" {*Drain rN+ MR+ Dex+4} (You found it on level 7 of the Dungeon)
  5688 | D:8      | Noticed Psyche
  5699 | D:8      | Killed Psyche
  5822 | D:8      | Reached skill level 13 in Shields
  6127 | D:9      | Reached XP level 10. HP: 83/83 MP: 1/9
  6265 | D:9      | Reached **** piety under Yredelemnul
  6272 | D:9      | Found a stormy altar of Qazlal.
  6543 | D:9      | You fall through a shaft for 2 floors!
  6645 | D:11     | Reached skill level 14 in Shields
  7104 | D:10     | Entered Level 10 of the Dungeon
  7146 | D:10     | Found a staircase to the Orcish Mines.
  7438 | D:9      | Noticed an unseen horror
  7452 | D:9      | Killed an unseen horror
  7539 | D:9      | Noticed a two-headed ogre
  7547 | D:9      | Killed a two-headed ogre
  7547 | D:9      | Reached skill level 15 in Shields
  8044 | D:9      | Found a shattered altar of Ashenzari.
  8103 | D:9      | Found a shimmering altar of Xom.
  8103 | D:9      | Found a glowing golden altar of the Shining One.
  8103 | D:9      | Found a snail-covered altar of Cheibriados.
  8103 | D:9      | Found an opulent altar of Gozag.
  8104 | D:9      | Noticed a two-headed ogre
  8380 | D:9      | Slain by a two-headed ogre

Vault maps used:
D:1:      evilmike_arrival_run_for_it
D:2:      lemuel_upstairs_altar, lemuel_doored_altar, first_bread,
          yredelemnul_altar_generic
D:3:      tgw_fedhas
D:4:      serial_shops, nicolae_shop_temple_entry_statues_fountains,
          uniq_duvessa, uniq_ijyb
D:5:      uniq_blork_the_orc
D:6:      minmay_temple_entry_steel_oval, elyvilon_altar_5
D:8:      black_bear_nest_1, david_lair_generic, uniq_psyche
D:9:      minmay_the_grid_3x2, nicolae_qazlal_eye_of_the_storm,
          ashenzari_conservatory_becter, minmay_overflow_temple_hex
D:10:     orc_0_dummy, uniq_gastronok, uniq_maurice
D:11:     hangedman_ranch, st_stairs_7, uniq_fannar

Skill      XL: |  1  2  3  4  5  6  7  8  9 10 |
---------------+-------------------------------+-----
Armour         | 4 5 6 |  6.0
Fighting       | 4 5 6 |  6.0
Shields        | 4 5 6 9 13 15 | 15.7
Polearms       | 3 4 7 9 |  9.0

Action                   |  1- 3 |  4- 6 |  7- 9 | 10-12 || total
-------------------------+-------+-------+-------+-------++-------
Melee: Trident           |   117 |   121 |   380 |   181 ||   799
       Headbutt          |    10 |    19 |    71 |    37 ||   137
Evoke: Wand              |       |       |     1 |     3 ||     4
  Use: Potion            |       |     1 |     4 |     1 ||     6
       Scroll            |       |     5 |     9 |       ||    14
  Eat: Chunk             |     1 |     6 |    10 |     7 ||    24
Armor: Scale mail        |    14 |       |       |       ||    14
       Ring mail         |    17 |       |       |       ||    17
       Chain mail        |    10 |    57 |   186 |    49 ||   302
Dodge: Dodged            |    25 |    20 |    60 |    28 ||   133
Block: Shield            |    28 |    54 |   166 |    97 ||   345

Table legend:
 A = Spawn XP
 B = Non-spawn XP
 C = Spawn XP percentage of total XP
 D = Spawn monster count
 E = Non-spawn monster count
 F = Spawn count percentage of total count
 G = Total turns spent on level
                    A         B        C        D         E        F      G
               +---------+---------+-------+---------+---------+-------+---------
         Total |       0 |    9539 |   0.0 |       0 |     219 |   0.0 |  8380
               +---------+---------+-------+---------+---------+-------+---------
           D:1 |       0 |      32 |   0.0 |       0 |      17 |   0.0 |   616
           D:2 |       0 |      56 |   0.0 |       0 |      22 |   0.0 |   535
           D:3 |       0 |      39 |   0.0 |       0 |      13 |   0.0 |   733
           D:4 |       0 |     466 |   0.0 |       0 |      15 |   0.0 |   848
           D:5 |       0 |     397 |   0.0 |       0 |      20 |   0.0 |   723
           D:6 |       0 |     996 |   0.0 |       0 |      21 |   0.0 |  1005
           D:7 |       0 |     528 |   0.0 |       0 |      19 |   0.0 |   764
           D:8 |       0 |    2805 |   0.0 |       0 |      44 |   0.0 |  1033
           D:9 |       0 |    3166 |   0.0 |       0 |      32 |   0.0 |  1489
          D:10 |       0 |     263 |   0.0 |       0 |       5 |   0.0 |    73
          D:11 |       0 |     791 |   0.0 |       0 |      11 |   0.0 |   561
               +---------+---------+-------+---------+---------+-------+---------
